 Dungeon Crawl Stone Soup version 0.30-a0-1066-g63dfefce0d (webtiles) character file.

Game seed: 479371466269014256

23 jimonade the Grasshopper (level 2, -5/19 HPs)
             Began as an Octopode Warper on Apr 12, 2023.
             Slain by a gnoll
             ... wielding a +0 spear
              (9 damage)
             ... on level 2 of the Dungeon.
             The game lasted 00:01:45 (837 turns).

jimonade the Grasshopper (Octopode Warper)           Turns: 837, Time: 00:01:46

Health: -5/19      AC:  1    Str: 10    XL:     2   Next: 95%
Magic:  5/5        EV: 18    Int: 15    God:
Gold:   44         SH:  0    Dex: 11    Spells: 5/5 levels left

rFire   . . .      SeeInvis .    a - +0 hand axe
rCold   . . .      Faith    .    (no shield)
rNeg    . . .      Spirit   .    (helmet restricted)
rPois   .          Reflect  .    (no amulet)
rElec   .          Rampage  .    f - +5 ring of evasion
rCorr   .                        (no ring)
Will    .....                    (no ring)
Stlth   ++                       (no ring)
HPRegen 0.23/turn                (no ring)
MPRegen 0.09/turn                (no ring)
                                 (no ring)
                                 (no ring)

@: no status effects
A: almost no armour, amphibious, 8 rings, camouflage 1, gelatinous body 1,
(nimble swimmer 1), tentacles
a: no special abilities


You were on level 2 of the Dungeon.
You visited 1 branch of the dungeon, and saw 2 of its levels.

You collected 44 gold pieces.

Inventory:

Hand Weapons
 a - a +0 hand axe (weapon)
 d - a +0 mace
 e - a +0 spear
 k - a +0 sling
Missiles
 c - 7 boomerangs of dispersal (quivered)
Jewellery
 f - a +5 ring of evasion (left tentacle)
 i - a ring of resist corrosion
Scrolls
 b - a scroll of blinking
 j - a scroll of identify {unknown}
Potions
 g - a potion of invisibility {unknown}
 h - a potion of haste {unknown}


   Skills:
 + Level 2.0 Fighting
 + Level 2.5 Axes
 + Level 1.0 Throwing
 + Level 2.6 Dodging
 + Level 0.4 Stealth
 + Level 2.1 Spellcasting
 * Level 3.3 Translocations


You had 5 spell levels left.
You didn't know any spells.
Your spell library contained the following spells:

 Spells                   Type           Power      Damage    Failure   Level
 Blink                    Tloc           22%        N/A       9%          2
 Lesser Beckoning         Tloc           22%        N/A       9%          2
 Teleport Other           Tloc           11%        N/A       17%         3
 Vhi's Electric Charge    Tloc/Air       12%        N/A       32%         3
 Manifold Assault         Tloc           11%        N/A       50%         4


Dungeon Overview and Level Annotations

Branches:
Dungeon (2/15)

Altars:


Innate Abilities, Weirdness & Mutations

You cannot wear most types of armour.
You are amphibious.
You can wear up to eight rings at the same time.
Your skin changes colour to match your surroundings (Stealth+).
Your rubbery body absorbs attacks. (AC +1, EV +1)
((You are camouflaged when in or above water. (Stealth+)))
You have tentacles for arms and can constrict up to eight enemies at once.


Message History

There is an escape hatch in the ceiling here.
You now have 44 gold pieces (gained 10).
A ball python comes into view.
The ball python hisses angrily.
The ball python barely misses you. The ball python completely misses you.
You hit the ball python.
You kill the ball python!
No target in view!
Found a stone staircase leading up.
Found an escape hatch in the floor.
There is a stone staircase leading up here.
Found 4 stones.
You see here 4 stones.
A hobgoblin comes into view.
The hobgoblin shouts!
A hobgoblin is nearby!
A gnoll comes into view. It is wielding a +0 spear.
The hobgoblin hits you.
You slash the hobgoblin!
You kill the hobgoblin!
The gnoll closely misses you. The gnoll hits you with a +0 spear.
You hit the gnoll. You grab the gnoll.
You tentacle-slap the gnoll, but do no damage.
The gnoll is lightly wounded.
You constrict the gnoll, but do no damage.
The gnoll completely misses you.
You hit the gnoll.
The gnoll is moderately wounded.
You constrict the gnoll. The gnoll hits you with a +0 spear!
* * * LOW HITPOINT WARNING * * *
You are too injured to fight recklessly!
You are too injured to fight recklessly!
You are too injured to fight recklessly!
You are too injured to fight recklessly!
You hit the gnoll but do no damage. You squeeze the gnoll.
The gnoll is heavily wounded.
You constrict the gnoll, but do no damage.
The gnoll hits you with a +0 spear!
You die...

...(............
#.#..........# ..
#.###........# ####.###
#.# #........# #......#
..# ####.....# #......#
..# #.....# #......#
..######.....# #......#
.##..........###.g....#
.##.............@##.###
........................
.##.................####
.##.....#####....#..#
#.....# #....#..#
#.....# #....#....
#...... #....# ....
#!.... ..#### .... ...#


You could see a gnoll.

Vanquished Creatures
  3 ball pythons
  An endoplasm (D:1)
  A giant cockroach (D:1)
  4 goblins (D:1)
  2 hobgoblins
  A quokka (D:1)
  3 bats (D:1)
  A frilled lizard (D:1)
  3 kobolds
  2 rats (D:1)
21 creatures vanquished.

Notes
Turn   | Place    | Note
-------+----------+-------------------------------------------
     0 | D:1      | jimonade the Octopode Warper began the quest for the Orb.
     0 | D:1      | Reached XP level 1. HP: 14/14 MP: 3/3
    85 | D:1      | Reached XP level 2. HP: 15/19 MP: 5/5
   837 | D:2      | Slain by a gnoll

Illustrated notes

Levels and vault maps discovered:
D:1:      dpeg_arrival_court, layout_basic
D:2:      layout_basic

Action                     || total
---------------------------++-------
  Melee: Hand axe          ||    43
         Constrict         ||    11
         Tentacles         ||     4
         Punch             ||     1
   Stab: Sleeping          ||     4
 Armour: Skin              ||     5
  Dodge: Dodged            ||    36

Table legend: (Time is in decaauts)
 A = Elapsed time spent in this place.
 B = Non-inter-level travel time spent in this place.
 C = Inter-level travel time spent in this place.
 D = Time resting spent in this place.
 E = Time spent auto-exploring this place.
 F = Levels seen in this place.
 G = Mean time per level.
                   A        B        C        D        E       F      G
               +--------+--------+--------+--------+--------+-----+--------+
         Total |    845 |    812 |     33 |      0 |    645 |   2 |  422.5 |
       Dungeon |    845 |    812 |     33 |      0 |    645 |   2 |  422.5 |
               +--------+--------+--------+--------+--------+-----+--------+

Top non-repeatable levels by time:
     D:1: 703 daAuts
     D:2: 141 daAuts
